 Dungeon Crawl Stone Soup version 0.28.0-53-g5a82cb258f (webtiles) character file.

Game seed: 615967891070084670

15057 Woods the Martial Artist (level 12, -12/91 HPs)
             Began as a Gnoll Transmuter on June 7, 2022.
             Was a Believer of Ashenzari.
             Succumbed to a redback's poison
             ... on level 2 of the Lair of Beasts.
             The game lasted 00:53:15 (20774 turns).

Woods the Martial Artist (Gnoll Transmuter)        Turns: 20774, Time: 00:53:16

Health: -12/91     AC:  2    Str:  9    XL:     12   Next: 23%
Magic:  31/33      EV: 27    Int: 18    God:    Ashenzari [**....]
Gold:   793        SH:  0    Dex: 18    Spells: 18/28 levels left

rFire   . . .      SeeInvis +     - Unarmed
rCold   . . .      Faith    .   (shield currently unavailable)
rNeg    . . .      Spirit   .   (armour currently unavailable)
rPois   x          Reflect  .   (helmet currently unavailable)
rElec   .          Harm     .   (cloak currently unavailable)
rCorr   .          Rampage  .   (gloves currently unavailable)
Will    +....                   (boots currently unavailable)
Stlth   ++++......              K - amulet "Omniscient the Doldrums" {Acrobat, Cun, Melee} (curse)
HPRegen 0.25/turn               b - ring of willpower
MPRegen 0.23/turn               x - ring of magical power

@: lethally poisoned (-12 -> -114), spider-form
A: venomous fangs, tiny, (fangs 1), strong nose, distributed training
a: End Transformation, Renounce Religion, Shatter the Chains


You were on level 2 of the Lair of Beasts.
You worshipped Ashenzari.
Ashenzari was pleased with you.
You were a venomous arachnid creature.
You visited 3 branches of the dungeon, and saw 14 of its levels.
You also visited: Ossuary.

You collected 883 gold pieces.
You spent 90 gold pieces at shops.

Inventory:

Hand Weapons
 E - a +1 whip of pain
Missiles
 h - 2 throwing nets
Armour
 f - the cursed +2 robe of Cremastomancy (melded) {rN+, Evo, Elem}
   (You found it on level 2 of the Dungeon)

   It has a curse which improves the following skills: Evocations: Evocations.
   Elements:  Fire Magic, Ice Magic, Air Magic and Earth Magic.
 j - a +0 cloak (melded)
 D - the cursed +0 helmet "Per Aspera Ad Scientiam" (melded) {Bglg, Fort}
   (You found it on level 6 of the Dungeon)

   It has a curse which improves the following skills: Beguiling: Conjurations,
   Hexes and Translocations.
   Fortitude: Armour and Shields.
 L - a scarf of repulsion
 N - the +5 tower shield "Kaif" {*Slow Int+7}
   (You acquired it on level 10 of the Dungeon)

   Int:       It affects your intelligence (+7).
   *Slow:     It may slow you when you take damage.
 O - a +0 pair of gloves (melded)
 P - a +0 troll leather armour
Jewellery
 b - a ring of willpower (left front leg)
 l - a +4 ring of protection
 n - a ring of ice
 x - a ring of magical power (right front leg)
 K - the cursed amulet "Omniscient the Doldrums" (around neck) {Acrobat, Cun, Melee}
   (You found it on level 7 of the Dungeon)

   [amulet of the acrobat]

   It increases your evasion while moving and waiting.
   It has a curse which improves the following skills: Cunning: Dodging and
   Stealth.
   Melee Combat: Short Blades, Long Blades, Axes, Maces & Flails, Polearms,
   Staves and Unarmed Combat.
Wands
 m - a wand of flame (16)
 q - a wand of iceblast (19)
 t - a wand of acid (9)
 B - a wand of charming (7)
 Q - a wand of mindburst (13)
Scrolls
 c - a scroll of silence
 g - 3 scrolls of teleportation
 i - a scroll of blinking
 k - 3 scrolls of fear
 s - 4 scrolls of torment
 w - a scroll of vulnerability
 y - 3 scrolls of magic mapping
 z - 4 scrolls of enchant weapon
 H - a scroll of amnesia
 J - 3 scrolls of fog
Potions
 a - 5 potions of might
 d - 2 potions of berserk rage
 e - 4 potions of lignification
 o - 2 potions of attraction
 p - 5 potions of curing
 r - 3 potions of haste
 u - 2 potions of brilliance
 v - 2 potions of cancellation
 A - a potion of invisibility
 C - 3 potions of magic
 F - a potion of flight
 G - 2 potions of mutation
 I - a potion of heal wounds
 M - a potion of resistance


   Skills:
 + Level 7.6 Fighting
 + Level 7.1(8.3) Short Blades
 + Level 7.1(8.3) Long Blades
 + Level 7.1(8.3) Axes
 + Level 7.1(8.3) Maces & Flails
 + Level 7.1(8.3) Polearms
 + Level 7.1(8.3) Staves
 + Level 7.1 Slings
 + Level 7.1 Bows
 + Level 7.1 Crossbows
 + Level 7.1 Throwing
 + Level 7.1 Armour
 + Level 8.5(9.8) Dodging
 + Level 7.1(8.3) Stealth
 + Level 7.1 Shields
 + Level 9.7(11.0) Unarmed Combat
 + Level 8.8 Spellcasting
 + Level 5.9 Conjurations
 + Level 5.9 Hexes
 + Level 5.9 Summonings
 + Level 5.9 Necromancy
 + Level 5.9 Translocations
 + Level 7.1 Transmutations
 + Level 5.9 Fire Magic
 + Level 5.9 Ice Magic
 + Level 5.9 Air Magic
 + Level 5.9 Earth Magic
 + Level 5.9 Poison Magic
 + Level 7.7 Invocations
 + Level 7.1 Evocations


You had 18 spell levels left.
You knew the following spells:

 Your Spells              Type           Power      Damage    Failure   Level
a - Beastly Appendage     Tmut           66%        N/A       3%          1
b - Wereblood             Tmut           33%        N/A       4%          2
c - Spider Form           Tmut/Pois      31%        N/A       8%          3
d - Ice Form              Ice/Tmut       31%        N/A       17%         4

Your spell library contained the following spells:

 Spells                   Type           Power      Damage    Failure   Level
 Animate Dead             Necr           14%        N/A       21%         4
 Haunt                    Necr/Summ      14%        N/A       100%        7
 Infestation              Necr           14%        N/A       100%        8


Dungeon Overview and Level Annotations

Branches:
Dungeon (11/15)            Temple (1/1) D:4            Lair (2/6) D:10
 Spider (0/4) Lair:2          Orc (0/2) D:9         Ossuary (visited)
  Swamp: Lair:2-4    Shoals: Lair:2-4

Altars:
Ashenzari
Cheibriados
Dithmenos
Elyvilon
Fedhas
Gozag
Hepliaklqana
Kikubaaqudgha
Makhleb
Okawaru
Qazlal
Ru
Sif Muna
Trog
Uskayaw
Vehumet
Wu Jian
Xom
Yredelemnul
Zin
The Shining One
Lugonu

Shops:
D:3 =   D:7 (   D:9 :

Portals:
Trove: D:10 (give horn of Geryon)

Annotations:
D:4 exclusion: statue
D:9 1 runed translucent door, issech's ghost, novice MiMo
D:10 exclusion: obsidian statue
D:11 Snorg; Urug


Innate Abilities, Weirdness & Mutations

You are a venomous arachnid creature.
You have poisonous fangs.
You are tiny and dextrous.
Your spellcasting is less reliable in this form.
Your armour is entirely melded.
You are incapable of wielding weapons or throwing items.
((You have very sharp teeth.))
Your uncanny sense of smell can sniff out nearby items.
Your experience applies equally to all skills.


Message History

Your transformation is almost over.
You warm up again.
Your +0 cloak unmelds from your body.
The cursed +0 helmet "Per Aspera Ad Scientiam" {Bglg, Fort} unmelds from your body.
Your +0 pair of gloves unmelds from your body.
The cursed +2 robe of Cremastomancy {rN+, Evo, Elem} unmelds from your body.
You feel more protected from negative energy.
You start resting.
A redback is nearby!
A black mamba comes into view.
Casting: Ice Form (dangerous; 4% risk of failure)
Confirm with . or Enter, or press ? or * to list all spells.
You turn into a venomous arachnid creature.
Your +0 cloak melds into your body.
The cursed +0 helmet "Per Aspera Ad Scientiam" {Bglg, Fort} melds into your body.
Your +0 pair of gloves melds into your body.
The cursed +2 robe of Cremastomancy {rN+, Evo, Elem} melds into your body.
You feel less protected from negative energy.
The black mamba hisses angrily.
The black mamba barely misses you.
You hit the black mamba.
The black mamba is lightly wounded.
The black mamba bites you!
* * * LOW HITPOINT WARNING * * *
You bite the black mamba!
The black mamba looks as sick as possible!
The black mamba is moderately wounded.
The black mamba bites you!
* * * LOW HITPOINT WARNING * * *
The black mamba barely misses you.
You bite the black mamba!
The black mamba is severely wounded.
The black mamba misses you. The redback bites you.
* * * LOW HITPOINT WARNING * * *
You are lethally poisoned!
The redback poisons you!
Blink to where?
Press: ? - help, Dir - move target
As you read the scroll of blinking, it crumbles to dust.
You die...

, ,###....# * ##
**#..#....## #.# #.###...###
#.#* #.##......# #^#
#.###...P## ^
**##.##..#P....#
#.#..s≈..##...###
,#..>s≈..#......#
#.s.≈s#.#...### , *
##.##......(.# , , ,
##....###.# *, *, *#......#
.# . ** * * *{##......# .#
.. #########.###..###.###
...∆ #..##.##..###..#P.....,
*
....*#P.###..s§S...........,
.....#...##†###.##...P.....


You could see 2 culicivoras and 2 redbacks.

Vanquished Creatures
  Harold (D:9)
  Pikel (D:7)
  An ugly thing (D:10)
  A black mamba (Lair:2)
  4 cane toads
  3 komodo dragons
  A troll (D:10)
  2 hornets
  Grinder (D:5)
  Sigmund (D:3)
  A culicivora (Lair:2)
  2 basilisks (Lair:1)
  3 wyverns
  A wraith (D:10)
  14 yaks
  A steam dragon (D:9)
  An acid dragon (D:8)
  2 water moccasins
  3 ice beasts
  2 sky beasts
  4 orc warriors
  5 black bears
  3 wolves (Lair:1)
  2 ogres
  A centaur (D:7)
  A phantom (D:4)
  3 lemures (D:7)
  5 kobold brigands
  8 bullfrogs
  3 scorpions
  2 gnoll sergeants
  3 water moccasin zombies
  2 wyvern skeletons
  3 water moccasin skeletons
  13 killer bees
  4 wights (D:9)
  10 howler monkeys
  8 centaur zombies
  A hound (D:5)
  7 bullfrog zombies
  9 orc priests
  Crazy Yiuf (D:2)
  Ijyb (D:3)
  Natasha (thrice) (D:2)
  Terence (D:3)
  A gnoll shaman (D:7)
  2 iguanas
  10 orc wizards
  2 scorpion zombies
  4 killer bee zombies (Ossuary)
  2 hound zombies (D:4)
  10 mummies (Ossuary)
  Robin (D:3)
  21 gnolls
  2 howler monkey zombies (Ossuary)
  12 adders
  A howler monkey skeleton (D:6)
  A shadow imp (D:7)
  A white imp (D:7)
  3 ufetubi
  An adder skeleton (D:5)
  2 adder zombies
  4 worms
  4 dart slugs
  30 orcs
  8 bats
  8 endoplasms
  5 giant cockroaches
  16 hobgoblins
  8 jackals
  3 quokkas
  3 ball pythons
  4 frilled lizards
  17 goblins
  70 kobolds
  6 rats
411 creatures vanquished.

Vanquished Creatures (others)
  5 orcs (D:9)
  A bush (Lair:1)
  30 fungi
  79 plants
  7 withered plants (Ossuary)
122 creatures vanquished.

Grand Total: 533 creatures vanquished

Notes
Turn   | Place    | Note
-------+----------+-------------------------------------------
     0 | D:1      | Woods the Gnoll Transmuter began the quest for the Orb.
     0 | D:1      | Reached XP level 1. HP: 17/17 MP: 6/6
   108 | D:1      | Reached XP level 2. HP: 22/23 MP: 7/7
   118 | D:1      | Learned a level 2 spell: Wereblood
   479 | D:1      | Reached skill level 5 in Spellcasting
   479 | D:1      | Reached XP level 3. HP: 19/28 MP: 6/9
  1065 | D:2      | Reached skill level 1 in Invocations
  1582 | D:2      | Noticed Natasha
  1601 | D:2      | Reached skill level 1 in Short Blades
  1601 | D:2      | Reached skill level 1 in Long Blades
  1601 | D:2      | Reached skill level 1 in Axes
  1601 | D:2      | Reached skill level 1 in Maces & Flails
  1601 | D:2      | Reached skill level 1 in Polearms
  1601 | D:2      | Reached skill level 1 in Staves
  1601 | D:2      | Reached skill level 1 in Slings
  1601 | D:2      | Reached skill level 1 in Bows
  1601 | D:2      | Reached skill level 1 in Crossbows
  1601 | D:2      | Reached skill level 1 in Throwing
  1601 | D:2      | Reached skill level 1 in Armour
  1601 | D:2      | Reached skill level 1 in Stealth
  1601 | D:2      | Reached skill level 1 in Shields
  1601 | D:2      | Reached skill level 1 in Evocations
  1607 | D:2      | Killed Natasha
  1608 | D:2      | Reached XP level 4. HP: 29/34 MP: 9/11
  1651 | D:2      | Noticed Natasha
  1670 | D:2      | Learned a level 3 spell: Spider Form
  1675 | D:2      | Found a runed translucent door.
  1676 | D:2      | Noticed Crazy Yiuf
  1714 | D:2      | Killed Natasha
  1715 | D:2      | Reached skill level 1 in Conjurations
  1715 | D:2      | Reached skill level 1 in Hexes
  1715 | D:2      | Reached skill level 1 in Summonings
  1715 | D:2      | Reached skill level 1 in Necromancy
  1715 | D:2      | Reached skill level 1 in Translocations
  1715 | D:2      | Reached skill level 1 in Fire Magic
  1715 | D:2      | Reached skill level 1 in Ice Magic
  1715 | D:2      | Reached skill level 1 in Air Magic
  1715 | D:2      | Reached skill level 1 in Earth Magic
  1715 | D:2      | Reached skill level 1 in Poison Magic
  1933 | D:2      | Noticed Natasha
  1945 | D:2      | Killed Natasha
  1946 | D:2      | Reached XP level 5. HP: 33/40 MP: 5/12
  2197 | D:2      | Killed Crazy Yiuf
  2455 | D:3      | Found a shimmering blue altar of Sif Muna.
  2499 | D:3      | Noticed Sigmund
  2514 | D:3      | Killed Sigmund
  2515 | D:3      | Reached skill level 5 in Dodging
  2515 | D:3      | Reached XP level 6. HP: 47/47 MP: 11/14
  2556 | D:3      | Found an opulent altar of Gozag.
  2625 | D:3      | Noticed Ijyb
  2638 | D:3      | Found an iron altar of Okawaru.
  2649 | D:3      | Found an ancient bone altar of Kikubaaqudgha.
  2649 | D:3      | Noticed Robin
  2671 | D:3      | Killed Robin
  2731 | D:3      | Found Yriahion's Jewellery Shop.
  2975 | D:3      | Noticed Terence
  2990 | D:3      | Killed Terence
  3224 | D:4      | Reached XP level 7. HP: 49/52 MP: 15/15
  3323 | D:4      | Reached skill level 7 in Unarmed Combat
  3443 | D:4      | Found a blossoming altar of Fedhas.
  3466 | D:4      | Found a radiant altar of Vehumet.
  3495 | D:4      | Found Zin's Purification Station.
  3507 | D:4      | Found a staircase to the Ecumenical Temple.
  3513 | D:4      | Found a glowing silver altar of Zin.
  3521 | Temple   | Entered the Ecumenical Temple
  3539 | Temple   | Became a worshipper of Ashenzari the Shackled
  4044 | D:4      | Bought a potion of curing for 90 gold pieces
  4131 | D:4      | Found a basalt altar of Yredelemnul.
  4768 | D:3      | Killed Ijyb
  4923 | D:4      | Reached XP level 8. HP: 47/60 MP: 10/16
  5678 | D:4      | Found a bloodstained altar of Trog.
  5746 | D:4      | Identified the cursed +2 robe of Cremastomancy {rN+, Evo,
                  | Elem} (You found it on level 2 of the Dungeon)
  5871 | D:5      | Entered Level 5 of the Dungeon
  6234 | D:4      | Learned a level 4 spell: Ice Form
  6788 | D:5      | Noticed Grinder
  6805 | D:5      | Reached skill level 5 in Transmutations
  6805 | D:5      | Reached XP level 9. HP: 63/66 MP: 15/18
  6891 | D:5      | Reached skill level 5 in Fighting
  6990 | D:5      | Killed Grinder
  7415 | D:5      | Reached skill level 8 in Unarmed Combat
  8380 | D:6      | Found a snail-covered altar of Cheibriados.
  8388 | D:6      | Reached skill level 5 in Invocations
  8742 | D:6      | Found a sacrificial altar of Ru.
  8851 | D:7      | Found Ogathral's Antique Weapon Shoppe.
  8862 | D:7      | Noticed Pikel
  8887 | D:7      | Found a sand-covered staircase.
  8900 | D:7      | Reached XP level 10. HP: 68/74 MP: 15/20
  8909 | Ossuary  | Entered an ossuary
  9147 | Ossuary  | Reached skill level 5 in Short Blades
  9147 | Ossuary  | Reached skill level 5 in Long Blades
  9147 | Ossuary  | Reached skill level 5 in Axes
  9147 | Ossuary  | Reached skill level 5 in Maces & Flails
  9147 | Ossuary  | Reached skill level 5 in Polearms
  9147 | Ossuary  | Reached skill level 5 in Staves
  9147 | Ossuary  | Reached skill level 5 in Slings
  9147 | Ossuary  | Reached skill level 5 in Bows
  9147 | Ossuary  | Reached skill level 5 in Crossbows
  9147 | Ossuary  | Reached skill level 5 in Throwing
  9147 | Ossuary  | Reached skill level 5 in Armour
  9147 | Ossuary  | Reached skill level 5 in Stealth
  9147 | Ossuary  | Reached skill level 5 in Shields
  9147 | Ossuary  | Reached skill level 5 in Evocations
 10758 | D:7      | Killed Pikel
 12808 | D:7      | Found a glowing golden altar of the Shining One.
 12955 | D:7      | Found a shimmering altar of Xom.
 13143 | D:8      | Reached XP level 11. HP: 63/83 MP: 22/22
 13402 | D:8      | Found a hide-covered altar of Uskayaw.
 13457 | D:8      | Noticed a +0 hand axe
 13457 | D:8      | Noticed a +0 dagger
 13558 | D:8      | Paralysed by a hornet for 3 turns
 13996 | D:8      | Found a stormy altar of Qazlal.
 14232 | D:9      | Reached skill level 9 in Unarmed Combat
 15155 | D:9      | Found a hazy altar of Hepliaklqana.
 15165 | D:9      | Found a staircase to the Orcish Mines.
 15204 | D:9      | Reached skill level 5 in Conjurations
 15204 | D:9      | Reached skill level 5 in Hexes
 15204 | D:9      | Reached skill level 5 in Summonings
 15204 | D:9      | Reached skill level 5 in Necromancy
 15204 | D:9      | Reached skill level 5 in Translocations
 15204 | D:9      | Reached skill level 5 in Fire Magic
 15204 | D:9      | Reached skill level 5 in Ice Magic
 15204 | D:9      | Reached skill level 5 in Air Magic
 15204 | D:9      | Reached skill level 5 in Earth Magic
 15204 | D:9      | Reached skill level 5 in Poison Magic
 15693 | D:9      | Found a runed translucent door.
 15696 | D:9      | Noticed a centaur warrior
 15696 | D:9      | Noticed issech's ghost (novice MiMo)
 15788 | D:9      | Reached * piety under Ashenzari
 15943 | D:9      | Found Rolin's Book Shoppe.
 16198 | D:9      | Noticed Harold
 16324 | D:9      | Paralysed by a hornet for 2 turns
 17127 | D:9      | Killed Harold
 17427 | D:10     | Entered Level 10 of the Dungeon
 17428 | D:10     | Found a portal to a secret trove of treasure.
 17430 | D:10     | Found a staircase to the Lair.
 17967 | D:10     | Identified a scroll of acquirement
 18150 | D:10     | Noticed an obsidian statue
 18726 | D:11     | Noticed a purple ugly thing
 18951 | D:11     | Noticed Snorg
 19078 | D:10     | Killed a purple ugly thing
 19332 | D:11     | Noticed a two-headed ogre
 19392 | D:11     | Noticed Urug
 19434 | Lair:1   | Entered Level 1 of the Lair of Beasts
 19468 | Lair:1   | Noticed an eight-headed hydra
 19823 | D:10     | Acquired the +5 tower shield "Kaif" {*Slow Int+7}
 19996 | Lair:1   | Reached XP level 12. HP: 18/91 MP: 24/24
 20467 | Lair:1   | Noticed a six-headed hydra
 20515 | Lair:2   | Reached ** piety under Ashenzari
 20660 | Lair:2   | Identified the cursed +0 helmet "Per Aspera Ad Scientiam"
                  | {Bglg, Fort} (You found it on level 6 of the Dungeon)
 20675 | Lair:2   | Found a hole to the Spider Nest.
 20774 | Lair:2   | Succumbed to a redback's poison

Illustrated notes

Levels and vault maps discovered:
D:1:      nzn_arrival_depleted_hourglass, layout_basic, st_stairs_4
D:2:      layout_basic, uniq_natasha, uniq_crazy_yiuf_cottage
D:3:      layout_basic, mainiacjoe_overflow_boulevard, lemuel_tele_altar,
          lemuel_crystal_altar, nicolae_overflow_crystal_walls, serial_shops,
          shop_statue, uniq_ijyb, uniq_robin, uniq_terence, uniq_sigmund
D:4:      minmay_goblin_kobold_castle, layout_gridville,
          mainiacjoe_overflow_six_doors_small, nicolae_yredelemnul_corpse_copse,
          fedhas_altar_2, zin_purify, vehumet_statue,
          minmay_temple_entry_crystal_x, hex_tiny, nicolae_grassy_gnolls
D:5:      layout_rooms, cheibrodos_sewer_entry_bend, uniq_grinder
D:6:      layout_rooms, general_overflow_altar,
          mainiacjoe_overflow_cross_hatched
D:7:      layout_gridville, lemuel_round_altar, lemuel_round_altar,
          serial_shops, shop_fountains, nicolae_ossuary_entry_ruins,
          hangedman_decor_slide_cut, minmay_misc_feat_alley, uniq_pikel
D:8:      layout_gridville, dancing_weapons_uskayaw,
          mainiacjoe_overflow_surrounded_room
D:9:      layout_grid_maze, kennysheep_mini, hiddenorc1_lemuel,
          ebering_ghost_inner_flame, serial_shops, shop, uniq_harold
D:10:     layout_loops_ring, david_lair_shrubbed, enter_trove_2,
          roderic_lattice_a, minmay_misc_feat_iff, nrook_mini_backslash,
          minivault_16
D:11:     layout_loops_ring, uniq_urug, uniq_snorg
Temple:   corrupted_temple
Lair:1:   minmay_lair_venomous_thicket, layout_chaotic_city, minivault_24,
          minivault_11, beast_lair_carwin_6
Lair:2:   layout_gridlike, nicolae_spider_entry_tight_spaces, grunt_megastairs_5

Skill      XL: |  1  2  3  4  5  6  7  8  9 10 11 12 |
---------------+-------------------------------------+-----
Spellcasting   | 5 6 7 8 |  8.8
Invocations    | 1 2 3 4 5 6 7 |  7.7
Short Blades   | 1 2 3 4 5 6 7 |  7.1
Long Blades    | 1 2 3 4 5 6 7 |  7.1
Axes           | 1 2 3 4 5 6 7 |  7.1
Maces & Flails | 1 2 3 4 5 6 7 |  7.1
Polearms       | 1 2 3 4 5 6 7 |  7.1
Staves         | 1 2 3 4 5 6 7 |  7.1
Slings         | 1 2 3 4 5 6 7 |  7.1
Bows           | 1 2 3 4 5 6 7 |  7.1
Crossbows      | 1 2 3 4 5 6 7 |  7.1
Throwing       | 1 2 3 4 5 6 7 |  7.1
Armour         | 1 2 3 4 5 6 7 |  7.1
Stealth        | 1 2 3 4 5 6 7 |  7.1
Shields        | 1 2 3 4 5 6 7 |  7.1
Evocations     | 1 2 3 4 5 6 7 |  7.1
Conjurations   | 1 2 3 4 5 |  5.9
Hexes          | 1 2 3 4 5 |  5.9
Summonings     | 1 2 3 4 5 |  5.9
Necromancy     | 1 2 3 4 5 |  5.9
Translocations | 1 2 3 4 5 |  5.9
Fire Magic     | 1 2 3 4 5 |  5.9
Ice Magic      | 1 2 3 4 5 |  5.9
Air Magic      | 1 2 3 4 5 |  5.9
Earth Magic    | 1 2 3 4 5 |  5.9
Poison Magic   | 1 2 3 4 5 |  5.9
Fighting       | 3 4 5 6 7 |  7.6
Transmutations | 4 5 6 7 |  7.1
Dodging        | 5 6 7 8 |  8.5
Unarmed Combat | 7 8 9 |  9.7

Action                   |  1- 3 |  4- 6 |  7- 9 | 10-12 || total
-------------------------+-------+-------+-------+-------++-------
Melee: Unarmed           |    95 |   119 |   405 |   839 ||  1458
       Kick              |     9 |     8 |    33 |     2 ||    52
       Headbutt          |     5 |     4 |    26 |     2 ||    37
       Bite              |     9 |     3 |    15 |    11 ||    38
       Punch             |     3 |     2 |     5 |     9 ||    19
 Cast: Beastly Appendage |    10 |    10 |    18 |     1 ||    39
       Wereblood         |     1 |     1 |     6 |     4 ||    12
       Spider Form       |       |     8 |    33 |    49 ||    90
       Ice Form          |       |       |       |    34 ||    34
Invok: Curse Item        |       |       |     1 |     2 ||     3
 Abil: End Transformatio |       |     2 |     1 |     5 ||     8
  Use: Scroll            |       |       |       |    14 ||    14
       Potion            |       |       |       |     1 ||     1
 Stab: Sleeping          |       |     1 |     2 |     3 ||     6
       Distracted        |       |       |       |     4 ||     4
Armor: Robe              |    12 |    25 |    27 |    39 ||   103
       Skin              |       |     4 |    15 |   103 ||   122
Dodge: Dodged            |    58 |    81 |   413 |   742 ||  1294
Block: Tower shield      |       |       |       |     6 ||     6
